[Event "Norwegian Championship 2022"]
[Site "Kongsvinger, Norway"]
[Date "2022.07.16"]
[Round "9"]
[White "Vestby-Ellingsen, Mads"]
[Black "Djurhuus, Rune"]
[Result "1/2-1/2"]
[Board "7"]
[TimeControl "40/5400+30:1800+30"]
[WhiteTitle "IM"]
[BlackTitle "GM"]
[WhiteFideId "1520857"]
[BlackFideId "1500082"]
[WhiteElo "2351"]
[BlackElo "2407"]

1. e4 c5 2. Nf3 g6 3. d4 cxd4 4. Nxd4 Bg7 5. c4 Nc6 6. Be3 Nf6 7. Nc3 d6 8. Be2 O-O 9. O-O Bd7 10.
Nc2 a6 11. f3 Rb8 12. Qd2 Ne5 13. a4 a5 14. Rfd1 Be6 15. Nd4 Bd7 16. Rac1 Bc6 17. b3 Ned7 18. Qc2 Qc8 19. Ncb5 Nc5 20.
e5 Ne8 21. exd6 exd6 22. Nxc6 Qxc6 23. Rd2 f5 24. Rcd1 f4 25. Bd4 Bxd4+ 26. Rxd4 Rd8 27. Kh1 Rf6 28. Bd3 b6 29. Be4 Qd7 30.
Bd5+ Kh8 31. Qc3 Ng7 32. Be4 Qe7 33. Bc2 Re6 34. Rxf4 Re3 35. Qa1 Re8 36. h3 Re1+ 37. Rxe1 Qxe1+ 38. Qxe1 Rxe1+ 39. Kh2 Nge6 40. Rf7 Re2 41. Be4 Ng5 42. Rf6 Ngxe4 43. fxe4 Nxb3 44. Nxd6 Nc5 45. Rf7 Kg8 46. Ra7 Nxe4 47.
Re7 Nc3 48. Rxe2 Nxe2 49. Nc8 Kf7 50. Nxb6 Ke6 51. c5 Nc3 52. Nc4 Kd5 53. Nxa5 Kxc5 54. Nb3+ Kc4 55. Na5+ Kc5 56. Nb7+ Kc6 57.
Nd8+ Kd7 58. Nf7 Ke7 59. Ng5 h6 60. Nf3 Nxa4 1/2-1/2